 Dungeon Crawl Stone Soup version 0.29.0-4-gdea44cf6ec (webtiles) character file.

Game seed: 13900286904769580166

109 qw the Sneak (level 4, -2/28 HPs)
             Began as a Gargoyle Delver on Sept 10, 2022.
             Slain by Pikel
             ... wielding a +0 whip of electrocution
              (8 damage)
             ... on level 4 of the Dungeon.
             The game lasted 00:01:25 (3663 turns).

qw the Sneak (Gargoyle Delver)                      Turns: 3663, Time: 00:01:25

Health: -2/28      AC:  8    Str: 18    XL:     4   Next: 90%
Magic:  4/4        EV: 11    Int: 10    God:
Gold:   205        SH:  0    Dex: 11    Spells: 3/3 levels left

rFire   . . .      SeeInvis .   Y - +0 hand axe
rCold   . . .      Faith    .   (no shield)
rNeg    + . .      Spirit   .   j - +0 ring mail
rPois   inf        Reflect  .   (no helmet)
rElec   +          Harm     .   (no cloak)
rCorr   .          Rampage  .   (no gloves)
Will    +....                   (no boots)
Stlth   ++........              (no amulet)
HPRegen 0.09/turn               e - ring of willpower
MPRegen 0.09/turn               (no ring)

@: no status effects
A: sickness immunity, AC +3, negative energy resistance 1, electricity
resistance, torment resistance 1, petrification resistance
a: no special abilities


You were on level 4 of the Dungeon.
You visited 1 branch of the dungeon, and saw 5 of its levels.

You collected 205 gold pieces.


Innate Abilities, Weirdness & Mutations

You are immune to sickness and miasma.
Your stone body is resilient. (AC +3)
You are immune to poison.
You resist negative energy. (rN+)
You are resistant to electric shocks. (rElec)
You are resistant to unholy torment.
You are immune to petrification.


   Skills:
 - Level 3.2 Fighting
 + Level 4.3 Axes
 - Level 1.0 Armour
 - Level 1.5 Dodging
 - Level 5.4 Stealth


You had 3 spell levels left.
You didn't know any spells.
Your spell library was empty.

Inventory:

Hand Weapons
 d - a +0 flail
 Y - a +0 hand axe (weapon)
Missiles
 k - 5 boomerangs (quivered)
Armour
 j - a +0 ring mail (worn)
Jewellery
 e - a ring of willpower (left hand)
Wands
 g - a wand of digging (11)
Scrolls
 c - a scroll of identify
 i - a scroll of teleportation
 m - a scroll of amnesia {unknown}
Potions
 a - a potion of cancellation
 b - a potion of lignification {unknown}
 f - 2 potions of haste
 h - a potion of curing
 l - a potion of mutation {unknown}

Dungeon Overview and Level Annotations

Branches:
Dungeon (5/15)
 Temple: D:4-7

Altars:
Gozag

Annotations:
D:4 Pikel
D:5 1 runed translucent door, qw's ghost, weakling GrDe


Message History

You barely miss the phantom.
The phantom is severely damaged.
The phantom hits you but does no damage.
The phantom closely misses you.
You barely miss the phantom.
The phantom is severely damaged.
The phantom completely misses you.
You miss the phantom.
The phantom is severely damaged.
The phantom hits you.
The phantom blinks!
You blink.
A lemure comes into view.
You hit the phantom but do no damage.
The phantom is severely damaged.
You completely miss Pikel.
The phantom hits you but does no damage.
Pikel hits you with a +0 whip of electrocution.
You barely miss the phantom.
The phantom is severely damaged.
You hit Pikel. The phantom completely misses you.
Pikel hits you with a +0 whip of electrocution.
You hit the phantom.
The phantom is almost destroyed.
You closely miss Pikel. The phantom barely misses you.
Pikel hits you but does no damage.
You closely miss the phantom.
The phantom is almost destroyed.
You barely miss Pikel. The phantom hits you.
Pikel hits you with a +0 whip of electrocution.
You closely miss the phantom.
The phantom is severely damaged.
You hit Pikel but do no damage. The phantom closely misses you.
Pikel hits you but does no damage.
You hit the phantom but do no damage.
The phantom is severely damaged.
You barely miss Pikel. The phantom hits you.
Pikel hits you with a +0 whip of electrocution!
You die...

#>.............##.#
##.).....#####.##.#
###).#.## #.##.# #..#.#
#.##.# ######..#.# #.##.#
...:....#.# #.##.#
...<...##.# #.##.#
#####..##.# #W##.#
#..##.######@##.##########
#..##........K55.....^...ยค
...# #########.######.####
##.## #.# #.# #.# ..# #.#
#.# #.# #.#


You could see Pikel, 2 lemures and a phantom.

Vanquished Creatures
  4 adders
  3 worms
  2 dart slugs
  2 orcs (D:3)
  6 bats
  5 endoplasms
  2 giant cockroaches
  6 goblins
  5 hobgoblins (D:1)
  2 jackals (D:4)
  A quokka (D:4)
  6 ball pythons
  A frilled lizard (D:3)
  3 kobolds
  8 rats
56 creatures vanquished.

Vanquished Creatures (others)
  2 fungi (D:2)
  A plant (D:2)
3 creatures vanquished.

Grand Total: 59 creatures vanquished

Notes
Turn   | Place    | Note
-------+----------+-------------------------------------------
     0 | D:5      | qw the Gargoyle Delver began the quest for the Orb.
     0 | D:5      | Reached XP level 1. HP: 14/14 MP: 1/1
     0 | D:5      | 0 ||| qw: Version: 0.1-a-116-g5d60599
     0 | D:5      | 0 ||| qw: Game counter: 9285
     0 | D:5      | 0 ||| qw: Always use a shield: true
     0 | D:5      | 0 ||| qw: God list: Okawaru
     0 | D:5      | 0 ||| qw: Allow faded altars: false
     0 | D:5      | 0 ||| qw: Do Orc after D:15 true
     0 | D:5      | 0 ||| qw: Do second Lair branch before Depths: true
     0 | D:5      | 0 ||| qw: Lair rune preference: random
     0 | D:5      | 0 ||| qw: Plans: Normal
     0 | D:5      | 0 ||| PLANNING D:1-11
     6 | D:5      | 6 ||| DROPPING scroll of fog.
     7 | D:5      | 7 ||| DROPPING scroll of magic mapping.
     8 | D:5      | 8 ||| DROPPING scroll of fear.
    13 | D:5      | Found a runed translucent door.
    13 | D:5      | Noticed qw's ghost (weakling GrDe)
    37 | D:4      | Reached XP level 2. HP: 8/19 MP: 2/2
    79 | D:4      | 79 ||| Stepping ~*~*~tactically~*~*~ (stealth).
    80 | D:4      | 80 ||| Stepping ~*~*~tactically~*~*~ (stealth).
   119 | D:4      | 119 ||| Stepping ~*~*~tactically~*~*~ (stealth).
   120 | D:4      | 120 ||| Stepping ~*~*~tactically~*~*~ (stealth).
   396 | D:4      | 396 ||| READING scroll labelled QEXKONTESK.
   702 | D:3      | 702 ||| DROPPING +0 club.
   818 | D:3      | 818 ||| DROPPING +0 whip.
   886 | D:3      | Found an opulent altar of Gozag.
   927 | D:3      | Reached skill level 3 in Axes
  1034 | D:3      | 1034 ||| DROPPING +0 whip of freezing.
  1210 | D:3      | 1210 ||| DROPPING orb of light.
  1211 | D:3      | 1211 ||| UPGRADING to ring of willpower.
  1212 | D:3      | 1212 ||| DRINKING 2 smoky black potions.
  1219 | D:2      | Found a faded altar of an unknown god.
  1237 | D:2      | Reached XP level 3. HP: 23/23 MP: 3/3
  2146 | D:1      | 2146 ||| READING 2 scrolls labelled RUISOA TUPTO.
  2149 | D:1      | 2149 ||| DRINKING 2 fizzy golden potions.
  2150 | D:1      | 2150 ||| DROPPING potion of invisibility.
  2236 | D:2      | 2236 ||| Stepping ~*~*~tactically~*~*~ (stealth).
  2249 | D:2      | Reached XP level 4. HP: 25/28 MP: 4/4
  2797 | D:2      | 2797 ||| UPGRADING to +0 ring mail.
  2807 | D:2      | 2807 ||| DROPPING +0 leather armour.
  2808 | D:2      | 2808 ||| READING 2 scrolls of identify.
  2808 | D:2      | 2808 ||| IDENTIFYING fuming blue potion
  2992 | D:3      | Reached skill level 1 in Armour
  3619 | D:4      | Noticed a phantom
  3620 | D:4      | 3620 ||| Stepping ~*~*~tactically~*~*~ (stealth).
  3622 | D:4      | 3622 ||| Stepping ~*~*~tactically~*~*~ (stealth).
  3624 | D:4      | 3624 ||| Stepping ~*~*~tactically~*~*~ (stealth).
  3626 | D:4      | 3626 ||| Stepping ~*~*~tactically~*~*~ (stealth).
  3645 | D:4      | Noticed a lemure
  3645 | D:4      | Noticed a lemure
  3647 | D:4      | Noticed Pikel
  3650 | D:4      | 3650 ||| FLEEEEING.
  3657 | D:4      | Noticed a lemure
  3663 | D:4      | HP: 6/28 [phantom (2)]
  3663 | D:4      | Slain by Pikel

Levels and vault maps discovered:
D:1:      sevenhm_arrival_forest_fort_small_3, layout_loops_ring
D:2:      layout_rooms, dreamdust_ecumenical_altar_grove
D:3:      layout_basic, grunt_gozag_statues
D:4:      layout_loops_ring, uniq_ijyb, uniq_edmund, uniq_natasha, uniq_pikel,
          uniq_eustachio
D:5:      layout_rooms, mainiacjoe_overflow_two_lobes,
          minmay_temple_entry_statues_pillars, gammafunk_ghost_grave,
          minmay_chambers_of_fives

Skill      XL: |  1  2  3  4 |
---------------+-------------+-----
Axes           | 2 3 4 |  4.3
Armour         | 1 |  1.0
Fighting       | |  3.2
Dodging        | |  1.5
Stealth        | |  5.4

Action                   |  1- 3 |  4- 6 || total
-------------------------+-------+-------++-------
Melee: Hand axe          |   137 |    86 ||   223
Throw: Boomerang         |       |    25 ||    25
  Use: Scroll            |     2 |     1 ||     3
       Potion            |     2 |       ||     2
 Stab: Sleeping          |     4 |       ||     4
Armor: Leather armour    |    37 |    22 ||    59
       Ring mail         |       |    16 ||    16
Dodge: Dodged            |    63 |    68 ||   131

Table legend:
 A = Non-vault XP
 B = Vault XP
 C = Vault XP percentage of total XP
 D = Non-vault monster count
 E = Vault monster count
 F = Vault count percentage of total count
                 A         B        C        D         E       F
            +---------+---------+-------+---------+---------+-------
      Total |     157 |       0 |   0.0 |      56 |       0 |   0.0
            +---------+---------+-------+---------+---------+-------
        D:1 |      38 |       0 |   0.0 |      22 |       0 |   0.0
        D:2 |      63 |       0 |   0.0 |      15 |       0 |   0.0
        D:3 |      40 |       0 |   0.0 |      12 |       0 |   0.0
        D:4 |      16 |       0 |   0.0 |       7 |       0 |   0.0
            +---------+---------+-------+---------+---------+-------
